Map: Rainfall LE

Players

Choigalaxy

  • Race: Zerg Zerg
  • League: Diamond

인공지능 칸 (아주 쉬움) - Winner!

  • Race: Protoss Protoss

VOD

Have the link to the VOD?

Description

Time

  • Played on: Oct. 7, 2026, 7:12 a.m.
  • Length: 5:41
Show
View Real Time Build Order
Export as new Build Order

Choigalaxy Zerg 

Build Orders: Hatch First 

Get SALT Encoding   

  12  0:00  Drone  
  13  0:12  Overlord  
  13  0:17  Drone  
  14  0:30  Drone x2  
  16  0:47  Hatchery  
  15  0:51  Drone  
  15  0:54  Drone  
  17  0:57  Drone  
  18  1:09  Extractor  
  17  1:14  Spawning Pool  
  17  1:17  Drone  
  17  1:19  Drone  
  18  1:28  Drone  
  19  1:46  Drone  
  20  1:50  Overlord  
  20  2:01  Queen x2  
  20  2:03  Zergling x4  
  26  2:10  Drone  
  26  2:11  Drone  
  26  2:14  Metabolic Boost  
  28  2:22  Drone x2  
  30  2:37  Hatchery  
  30  2:43  Drone x2  
  31  2:48  Queen  
  33  2:52  Overlord  
  33  2:56  Drone  
  33  2:58  Drone  
  35  3:00  Drone  
  35  3:04  Overlord  
  36  3:13  Drone x4  
  36  3:15  Drone  
  41  3:22  Queen  
  41  3:25  Drone  
  41  3:27  Drone  
  45  3:29  Spore Crawler  
  45  3:32  Spore Crawler  
  44  3:34  Drone  
  44  3:36  Drone  
  45  3:42  Queen  
  45  3:48  Overlord  
  47  3:53  Overlord  
  47  3:56  Drone x4  
  47  4:01  Zergling x2  
  47  4:02  Zergling x4  
  54  4:03  Zergling x2  
  54  4:05  Drone  
  56  4:10  Drone  
  56  4:13  Drone x4  
  56  4:16  Spore Crawler  
  60  4:18  Drone  
  61  4:24  Drone  
  61  4:25  Roach Warren, Drone  
  61  4:28  Drone  
  63  4:31  Lair  
  63  4:33  Drone  
  63  4:35  Drone  
  65  4:38  Drone  
  65  4:40  Overlord  
  65  4:41  Overlord  
  65  4:44  Overlord  
  66  4:52  Extractor, Drone  
  66  4:56  Overlord  
  66  4:58  Drone  
  66  4:59  Drone, Hatchery  
  67  5:03  Drone x2  
  67  5:04  Drone  
  67  5:05  Evolution Chamber  
  69  5:07  Extractor  
  69  5:09  Extractor x2, Drone x2  
  69  5:10  Drone  
  69  5:11  Drone  
  69  5:12  Drone  
  69  5:14  Drone  
  72  5:16  Drone x2  
  72  5:18  Drone  
  75  5:26  Drone x2  
  75  5:28  Drone x3  
Show
View Real Time Build Order
Export as new Build Order

인공지능 칸 (아주 쉬움) Protoss - Winner!

Build Orders:  

Get SALT Encoding   

  12  0:00  Probe  
  13  0:13  Probe  
  14  0:19  Pylon  
  14  0:36  Assimilator  
  14  0:42  Gateway  
  14  0:46  Pylon  
  14  1:13  Assimilator  
  14  1:23  Probe  
  14  1:29  Zealot  
  14  1:31  Probe  
  17  1:34  Cybernetics Core  
  17  1:39  Probe  
  19  1:50  Probe  
  20  1:59  Probe  
  20  2:00  Warp Gate  
  20  2:08  Probe  
  22  2:45  Stalker  
  24  4:17  Probe  
  24  5:15  Probe  
Tags
 
Add a new tag
Caveats
  • Supply blocks, unpowered buildings, or Contaminate may cause inaccurate times.
  • Supply counts are checked every 10 seconds.